 Dungeon Crawl Stone Soup version 0.30-a0-879-ga8ba668304 (webtiles) character file.

Game seed: 6783872165130663622

12 NinjaNoafa the Conjurer (level 2, 0/20 HPs)
             Began as a Draconian Conjurer on Mar 13, 2023.
             Slain by a bat (1 damage)
             ... on level 1 of the Dungeon.
             The game lasted 00:01:27 (269 turns).

NinjaNoafa the Conjurer (Draconian Conjurer)         Turns: 269, Time: 00:01:28

Health: 0/20       AC:  4    Str:  9    XL:     2   Next: 20%
Magic:  0/5        EV: 12    Int: 18    God:
Gold:   0          SH:  0    Dex:  9    Spells: 4/5 levels left

rFire   . . .      SeeInvis .    (no weapon)
rCold   + . .      Faith    .    (no shield)
rNeg    . . .      Spirit   .    (body armour unavailable)
rPois   .          Reflect  .    (helmet restricted)
rElec   .          Rampage  .    (no cloak)
rCorr   .                        (no gloves)
Will    .....                    (no boots)
Stlth   ++                       (no amulet)
HPRegen 0.23/turn                (no ring)
MPRegen 0.09/turn                (no ring)

@: no status effects
A: AC +4, unfitting armour, cold-blooded, hooves 1, stinger 1, cold resistance 1
a: no special abilities


You were on level 1 of the Dungeon.
You visited 1 branch of the dungeon, and saw 1 of its levels.

Inventory:

Potions
 b - a potion of mutation


   Skills:
 - Level 1.7 Dodging
 - Level 1.7 Stealth
 + Level 2.4 Spellcasting
 + Level 4.2 Conjurations


You had 4 spell levels left.
You knew the following spells:

 Your Spells              Type           Power      Damage    Failure   Level
a - Magic Dart            Conj           68%        1d6       3%          1

Your spell library contained the following spells:

 Spells                   Type           Power      Damage    Failure   Level
 Searing Ray              Conj           34%        2d5       4%          2
 Dazzling Flash           Conj/Hex       18%        N/A       22%         3
 Fulminant Prism          Conj/Hex       4%         3d5       56%         4
 Iskenderun's Mystic Bla  Conj/Tloc      9%         2d4       56%         4


Dungeon Overview and Level Annotations

Branches:
Dungeon (1/15)

Altars:

Shops:
D:1 ?


Innate Abilities, Weirdness & Mutations

Your plain brown scales are hard. (AC +4)
You cannot fit into any form of body armour.
You are cold-blooded and may be slowed by cold attacks.
You have large cloven feet.
Your tail ends in a venomous barb.
Your flesh is cold resistant. (rC+)


Message History

The hobgoblin hits you but does no damage.
As you read the scroll labelled CASMYO OSIAWNUGH, it crumbles to dust.
You hear a loud clanging noise!
It was a scroll of noise.
You hear a shout!
The goblin barely misses you. The hobgoblin misses you.
The goblin closely misses you. The hobgoblin misses you.
It was a potion of mutation.
You feel extremely strange.
Your feet thicken and deform.
A venomous barb forms on the end of your tail.
You feel resistant to cold. The goblin hits you with a +0 club.
* * * LOW HITPOINT WARNING * * *
The hobgoblin barely misses you.
You closely miss the goblin. The goblin hits you with a +0 club.
* * * LOW HITPOINT WARNING * * *
A bat comes into view.
The hobgoblin hits you but does no damage.
You hit the goblin.
The goblin is moderately wounded.
The goblin barely misses you.
The hobgoblin hits you but does no damage.
You barely miss the hobgoblin. The goblin hits you with a +0 club.
* * * LOW HITPOINT WARNING * * *
The hobgoblin closely misses you.
Casting: Magic Dart (safe; 3% risk of failure)
Confirm with . or Enter, or press ? or * to list all spells.
Aiming: Magic Dart (safe; 3% risk of failure)
Press: ? - help, Shift-Dir - straight line, f - goblin
Aim: a goblin, wielding a +0 club (100% to hit)
The magic dart hits the goblin.
You kill the goblin!
The bat closely misses you. The hobgoblin closely misses you. The bat hits you.
* * * LOW HITPOINT WARNING * * *
The bat hits you but does no damage. The rat barely misses you.
Things that are here:
a +0 club; a goblin corpse The bat attacks as you move away!
The bat closely misses you. The bat hits you.
You die...

.. ... ... ##.# ...
# #.# # #.##.##.#
#..... #...r@..#
#.....# ####b####
#.....# #.g# ##.$...
# . #J## #.......#
!# #.#
####....##.##.#
#.###..?.##......#
#...gJ∩....#.#.# .
#####..........###.#
###............>


You could see an endoplasm, a hobgoblin, a bat and a rat.

Vanquished Creatures
  A dart slug (D:1)
  4 ball pythons (D:1)
  An endoplasm (D:1)
  2 giant cockroaches (D:1)
  A goblin (D:1)
9 creatures vanquished.

Notes
Turn   | Place    | Note
-------+----------+-------------------------------------------
     0 | D:1      | NinjaNoafa the Draconian Conjurer began the quest for the
                  | Orb.
     0 | D:1      | Reached XP level 1. HP: 14/14 MP: 3/3
   223 | D:1      | Found Opruiw's Magic Scroll Shoppe.
   225 | D:1      | Reached XP level 2. HP: 17/20 MP: 0/5
   263 | D:1      | Gained mutation: You have large cloven feet. [potion of
                  | mutation]
   263 | D:1      | Gained mutation: Your tail ends in a venomous barb. [potion
                  | of mutation]
   263 | D:1      | Gained mutation: Your flesh is cold resistant. (rC+)
                  | [potion of mutation]
   266 | D:1      | HP: 1/20 [goblin/+0 club (1)]
   269 | D:1      | Slain by a bat

Illustrated notes

Levels and vault maps discovered:
D:1:      grunt_arrival_crossed_arrows, layout_loops_cross, serial_shops,
          shop_scrolls

Action                     || total
---------------------------++-------
  Melee: Unarmed           ||    13
         Tailslap          ||     3
   Cast: Magic Dart        ||    18
    Use: Potion            ||     2
         Scroll            ||     1
 Armour: Skin              ||    14
  Dodge: Dodged            ||    35

Table legend: (Time is in decaauts)
 A = Elapsed time spent in this place.
 B = Non-inter-level travel time spent in this place.
 C = Inter-level travel time spent in this place.
 D = Time resting spent in this place.
 E = Time spent auto-exploring this place.
 F = Levels seen in this place.
 G = Mean time per level.
                   A        B        C        D        E       F      G
               +--------+--------+--------+--------+--------+-----+--------+
         Total |    271 |    271 |      0 |      0 |    162 |   1 |  271.0 |
       Dungeon |    271 |    271 |      0 |      0 |    162 |   1 |  271.0 |
               +--------+--------+--------+--------+--------+-----+--------+

Top non-repeatable levels by time:
     D:1: 271 daAuts
